[Event "Titled Tuesday Blitz August 1 Early 2023"]
[White "Matyukov, Petr"]
[Black "Luxama, Jacques Muller"]
[WhiteFideId "4103688"]
[BlackFideId "11900113"]
[WhiteElo "2445"]
[BlackElo "2183"]
[Result "1-0"]
[Round "2"]
[TimeControl "180+1"]
[Date "2023.08.01"]
[WhiteClock "0:02:11"]
[BlackClock "0:02:05"]
[Board "236"]

1. d4 Nf6 2. c4 e6 3. Nc3 d5 4. cxd5 exd5 5. Bg5 c6 6. Qc2 Be7 7. e3 O-O 8. Bd3 Nbd7 9. Nge2 Re8 10. O-O Nf8 11. f3 Nh5 12. Bxe7 Rxe7 13. e4 dxe4 14. fxe4 Ne6 15. d5 Nc5 16. dxc6 Nxd3 17. Rad1 Qb6+ 18. Kh1 Nf2+ 19. Rxf2 Qxf2 20. Rd8+ Re8 21. Rxe8# 1-0


[Site "https://www.chess.com"]

[Event "Titled Tuesday Blitz August 1 Early 2023"]
[White "le-castor-faineant"]
[Black "Vega Gutierrez, Sabrina"]
[BlackFideId "2219026"]
[WhiteElo "2181"]
[BlackElo "2443"]
[Result "1-0"]
[Round "2"]
[TimeControl "180+1"]
[Date "2023.08.01"]
[WhiteClock "0:01:36"]
[BlackClock "0:02:07"]
[Board "237"]

1. e4 c5 2. Nf3 Nc6 3. c3 d5 4. exd5 Qxd5 5. d4 Bf5 6. Na3 cxd4 7. Bc4 Qd8 8. cxd4 e6 9. O-O Bxa3 10. bxa3 Nf6 11. Bb2 O-O 12. Rc1 Rc8 13. h3 Na5 14. Be2 Qd5 15. Ne5 Be4 16. f3 Bf5 17. Qa4 b6 18. Bc3 Qxa2 19. Ba6 Rcd8 20. Bxa5 bxa5 21. Nc6 Rd5 22. Ne7+ Kh8 23. Nxd5 exd5 24. Qxa5 h5 25. Qb4 Re8 26. Rf2 1-0


[Site "https://www.chess.com"]

[Event "Titled Tuesday Blitz August 1 Early 2023"]
[White "Da Matta, Eduardo Cesar"]
[Black "Zeman, Matyas"]
[WhiteFideId "2193108"]
[BlackFideId "364398"]
[WhiteElo "2173"]
[BlackElo "2442"]
[Result "0-1"]
[Round "2"]
[TimeControl "180+1"]
[Date "2023.08.01"]
[WhiteClock "0:01:00"]
[BlackClock "0:01:07"]
[Board "238"]

1. d4 Nf6 2. c4 e6 3. Nc3 d5 4. cxd5 Nxd5 5. e4 Nxc3 6. bxc3 c5 7. Bc4 cxd4 8. cxd4 Bb4+ 9. Bd2 Qxd4 10. Bxb4 Qxc4 11. Qd6 Nc6 12. a3 Nxb4 13. Qxb4 Qxb4+ 14. axb4 Bd7 15. Nf3 f6 16. O-O e5 17. Nd2 Ke7 18. Rfd1 Be6 19. Nb1 Rhc8 20. Na3 a6 21. b5 Rc5 22. bxa6 Rxa6 23. Rdb1 b6 24. h3 Rca5 25. Nc2 Rxa1 26. Rxa1 Rxa1+ 27. Nxa1 Kd6 28. Nc2 Kc5 29. Kf1 b5 30. Ke2 b4 31. Kd2 b3 32. Ne3 Kd4 33. f3 b2 34. Nc2+ Kc4 35. Na3+ Kb3 36. Nb1 Bc4 37. g3 Bf1 38. h4 Bg2 39. f4 0-1


[Site "https://www.chess.com"]

[Event "Titled Tuesday Blitz August 1 Early 2023"]
[White "ChesscularGodofchess"]
[Black "Rangel, Daniel"]
[BlackFideId "2124475"]
[WhiteElo "2170"]
[BlackElo "2435"]
[Result "1-0"]
[Round "2"]
[TimeControl "180+1"]
[Date "2023.08.01"]
[WhiteClock "0:00:54"]
[BlackClock "0:00:17"]
[Board "239"]

1. d4 Nf6 2. Nf3 e6 3. Nbd2 c5 4. e3 b6 5. b3 Bb7 6. Bb2 Be7 7. Bd3 O-O 8. O-O d6 9. Qe2 a6 10. Rfd1 Nbd7 11. Rac1 Re8 12. e4 cxd4 13. Nxd4 b5 14. c4 b4 15. f4 e5 16. Nf5 Bf8 17. Bb1 exf4 18. Re1 g6 19. Nd4 Qb6 20. Qf2 Bh6 21. Rcd1 Ng4 22. Qh4 Nde5 23. h3 Ne3 24. Qxh6 Nxd1 25. Rxd1 Nc6 26. Nf3 Ne5 27. Kh1 a5 28. Ng5 Qc6 29. Nxc6 Bxc6 30. Bxe5 Rxe5 31. Qxh7+ Kf8 32. Qxf7# 1-0


[Site "https://www.chess.com"]

[Event "Titled Tuesday Blitz August 1 Early 2023"]
[White "Kashtanov, Ruslan"]
[Black "sterpfi"]
[WhiteFideId "4124871"]
[WhiteElo "2434"]
[BlackElo "2168"]
[Result "1-0"]
[Round "2"]
[TimeControl "180+1"]
[Date "2023.08.01"]
[WhiteClock "0:00:08"]
[BlackClock "0:00:11"]
[Board "240"]

1. e4 c6 2. d4 d5 3. e5 c5 4. Nf3 cxd4 5. Nxd4 Nc6 6. c4 e6 7. Nc3 Bb4 8. Qg4 Nge7 9. a3 Nxd4 10. Qxd4 Nc6 11. Qg4 Qa5 12. Bd2 d4 13. Qxg7 Rf8 14. Ne4 Bxd2+ 15. Nxd2 Qxe5+ 16. Qxe5 Nxe5 17. f4 Ng4 18. Nf3 e5 19. fxe5 Be6 20. Rd1 Ne3 21. Rd2 O-O-O 22. Kf2 f6 23. exf6 Rxf6 24. Bd3 Bxc4 25. Bxc4 Nxc4 26. Rc1 Rc6 27. Rxd4 Rxd4 28. Nxd4 Rc7 29. Nb5 Rc5 30. Rxc4 Rxc4 31. Nd6+ Kd7 32. Nxc4 b5 33. Ne3 a6 34. Ke2 Ke6 35. Kd2 Ke5 36. Kd3 h5 37. g3 h4 38. gxh4 Kf4 39. Nd5+ Kg4 40. Nc7 1-0


[Site "https://www.chess.com"]

[Event "Titled Tuesday Blitz August 1 Early 2023"]
[White "BeautiFullMindChess"]
[Black "Fernandez Garcia, Gumersindo"]
[BlackFideId "24516740"]
[WhiteElo "2165"]
[BlackElo "2431"]
[Result "1-0"]
[Round "2"]
[TimeControl "180+1"]
[Date "2023.08.01"]
[WhiteClock "0:01:16"]
[BlackClock "0:00:42"]
[Board "241"]

1. e4 c5 2. Nf3 Nc6 3. Bb5 g6 4. Bxc6 dxc6 5. d3 Bg7 6. h3 Nf6 7. Nc3 O-O 8. Be3 b6 9. Qd2 Re8 10. O-O-O e5 11. Bh6 Bh8 12. g4 Nd7 13. h4 f6 14. g5 f5 15. exf5 gxf5 16. h5 Re6 17. Rdg1 Bg7 18. g6 hxg6 19. Bxg7 Kxg7 20. hxg6 Rxg6 21. Qh6+ Kf7 22. Qxg6+ Ke7 23. Rh7+ 1-0


[Site "https://www.chess.com"]

[Event "Titled Tuesday Blitz August 1 Early 2023"]
[White "Herman, Daniel"]
[Black "LionKing2367890"]
[WhiteFideId "30935008"]
[WhiteElo "2430"]
[BlackElo "2164"]
[Result "1-0"]
[Round "2"]
[TimeControl "180+1"]
[Date "2023.08.01"]
[WhiteClock "0:01:36"]
[BlackClock "0:02:00"]
[Board "242"]

1. c4 Nf6 2. Nc3 e6 3. e4 d5 4. e5 Ng8 5. d4 Ne7 6. h4 g6 7. h5 gxh5 8. Qxh5 dxc4 9. Ne4 Qxd4 10. Nf6+ Kd8 11. Nf3 Qc5 12. Qxf7 Bd7 13. Rxh7 1-0


[Site "https://www.chess.com"]

[Event "Titled Tuesday Blitz August 1 Early 2023"]
[White "Butti, Enrique"]
[Black "GAO"]
[WhiteFideId "3700470"]
[WhiteElo "2163"]
[BlackElo "2430"]
[Result "0-1"]
[Round "2"]
[TimeControl "180+1"]
[Date "2023.08.01"]
[WhiteClock "0:00:56"]
[BlackClock "0:01:09"]
[Board "243"]

1. d4 c5 2. e3 Nf6 3. Nf3 g6 4. Bd3 Bg7 5. O-O O-O 6. c3 d5 7. Nbd2 Nc6 8. a3 Qc7 9. b4 e5 10. dxe5 Nxe5 11. Nxe5 Qxe5 12. Bb2 c4 13. Bc2 Bf5 14. Nf3 Bxc2 15. Qxc2 Qh5 16. Rad1 Rad8 17. a4 Rfe8 18. b5 Ng4 19. h3 Ne5 20. Nd4 Nd3 21. Rxd3 cxd3 22. Qxd3 Qe5 23. Ba1 Rc8 24. Bb2 Rc4 25. a5 Rec8 26. Ra1 Qe4 27. Qd2 h5 28. a6 b6 29. Rd1 R8c7 30. Nf3 R4c5 31. Nd4 Bxd4 32. cxd4 Rxb5 33. Ba3 Ra5 34. Bd6 Rc6 35. Bf4 Rxa6 36. f3 Qc2 37. Qe1 Ra2 0-1


[Site "https://www.chess.com"]

[Event "Titled Tuesday Blitz August 1 Early 2023"]
[White "Vivas Zamora, Fabian Ernesto"]
[Black "Mirzanurov, Bulat"]
[WhiteFideId "3902480"]
[BlackFideId "4184521"]
[WhiteElo "2430"]
[BlackElo "2162"]
[Result "1-0"]
[Round "2"]
[TimeControl "180+1"]
[Date "2023.08.01"]
[WhiteClock "0:00:14"]
[BlackClock "0:00:12"]
[Board "244"]

1. e4 c5 2. Nf3 d6 3. d4 cxd4 4. Nxd4 Nf6 5. Nc3 a6 6. h3 e5 7. Nb3 Be6 8. g4 h6 9. Bg2 Be7 10. Be3 b5 11. Qd2 Nbd7 12. a4 b4 13. Nd5 Bxd5 14. exd5 a5 15. f4 exf4 16. Bxf4 Ne5 17. O-O-O Rc8 18. Bxe5 dxe5 19. d6 Bf8 20. Nxa5 Nd7 21. Qxb4 Qg5+ 22. Kb1 g6 23. Bc6 Rd8 24. Nb7 Bg7 25. Nxd8 Qxd8 26. Qb5 O-O 27. Bxd7 e4 28. Bc6 Qf6 29. Rhf1 Qh4 30. d7 Rd8 31. Bd5 Kh7 32. Bxf7 Qg3 33. Qb6 Rb8 34. Bxg6+ Kh8 35. Qxb8+ Qxb8 36. d8=Q+ Qxd8 37. Rxd8+ 1-0


[Site "https://www.chess.com"]

[Event "Titled Tuesday Blitz August 1 Early 2023"]
[White "Urbina Perez, Juan Antonio"]
[Black "zano2023"]
[WhiteFideId "2217368"]
[WhiteElo "2429"]
[BlackElo "2150"]
[Result "1-0"]
[Round "2"]
[TimeControl "180+1"]
[Date "2023.08.01"]
[WhiteClock "0:01:05"]
[BlackClock "0:00:30"]
[Board "245"]

1. d4 d5 2. c4 e6 3. Nf3 Nf6 4. g3 dxc4 5. Qa4+ c6 6. Qxc4 Be7 7. Bg2 O-O 8. O-O b5 9. Qc2 Bb7 10. Rd1 Qb6 11. a4 a5 12. Ne5 Rc8 13. Bg5 Nd5 14. Bxe7 Nxe7 15. Nc3 b4 16. Ne4 Rc7 17. Nxf7 Nf5 18. Nfg5 Nxd4 19. Qc4 c5 20. Nxc5 Qxc5 21. Qxd4 Qxd4 22. Rxd4 Bxg2 23. Rd8# 1-0


[Site "https://www.chess.com"]

[Event "Titled Tuesday Blitz August 1 Early 2023"]
[White "cycygogne"]
[Black "Pandey Srishti"]
[BlackFideId "35093290"]
[WhiteElo "2149"]
[BlackElo "2428"]
[Result "1/2-1/2"]
[Round "2"]
[TimeControl "180+1"]
[Date "2023.08.01"]
[WhiteClock "0:01:18"]
[BlackClock "0:00:17"]
[Board "246"]

1. e4 e5 2. Nf3 Nf6 3. Nxe5 d6 4. Nf3 Nxe4 5. Nc3 Nxc3 6. dxc3 Be7 7. Bd3 O-O 8. Be3 Nd7 9. Qd2 c6 10. O-O-O d5 11. h4 Nc5 12. Ng5 h6 13. Nf3 Nxd3+ 14. cxd3 Bf6 15. Rdg1 h5 16. Ng5 Bf5 17. f3 Bg6 18. g4 Re8 19. gxh5 Bxh5 20. Rg2 a5 21. Rhg1 a4 22. a3 g6 23. Nh3 d4 24. Bg5 dxc3 25. bxc3 Bxg5 26. Rxg5 Ra5 27. Nf4 Bxf3 28. Nxg6 Rxg5 29. Rxg5 fxg6 30. Rxg6+ Kf7 31. Qh6 Re1+ 32. Kc2 Re2+ 33. Kc1 Re1+ 34. Kc2 Re2+ 35. Kc1 Re1+ 1/2-1/2


[Site "https://www.chess.com"]

[Event "Titled Tuesday Blitz August 1 Early 2023"]
[White "WindWhistler11"]
[Black "Vila Dupla, Aurelio"]
[BlackFideId "2203383"]
[WhiteElo "2428"]
[BlackElo "2133"]
[Result "0-1"]
[Round "2"]
[TimeControl "180+1"]
[Date "2023.08.01"]
[WhiteClock "0:00:57"]
[BlackClock "0:00:57"]
[Board "247"]

1. Nf3 Nf6 2. g3 g6 3. b3 Bg7 4. Bb2 O-O 5. Bg2 d6 6. d4 Nc6 7. O-O Re8 8. Qc1 h6 9. Rd1 d5 10. c4 Bf5 11. Nc3 dxc4 12. bxc4 Ne4 13. Nd5 Bg4 14. Qf4 Bxf3 15. exf3 Nf6 16. Nxc7 g5 17. Qe3 Qxc7 18. d5 Na5 19. c5 b6 20. c6 Nc4 21. Qb3 Nxb2 22. Qxb2 Nxd5 23. Qc2 Rad8 24. Rac1 Nf6 25. Re1 e6 26. Re3 Nd5 27. Rb3 Bf8 28. Qc4 Bc5 29. h4 Qxg3 30. Qxc5 Qxg2+ 31. Kxg2 bxc5 32. hxg5 hxg5 33. Rxc5 Rc8 34. Rb7 Re7 35. Rxe7 Nxe7 36. Rxg5+ Kf8 37. Ra5 Rc7 38. Ra6 Nxc6 39. Kg3 Ke7 40. Kf4 Kf6 41. Ke4 Ne7 42. f4 Nd5 43. Ra4 Nc3+ 0-1


[Site "https://www.chess.com"]

[Event "Titled Tuesday Blitz August 1 Early 2023"]
[White "Johnson, Ben"]
[Black "Pershina, Elena"]
[WhiteFideId "2010917"]
[BlackFideId "24147516"]
[WhiteElo "2132"]
[BlackElo "2427"]
[Result "0-1"]
[Round "2"]
[TimeControl "180+1"]
[Date "2023.08.01"]
[WhiteClock "0:02:25"]
[BlackClock "0:02:29"]
[Board "248"]

1. Nf3 d5 2. e3 Nf6 3. c4 c6 4. b3 Bg4 5. Bb2 e6 6. d4 Nbd7 7. Be2 Bd6 8. O-O O-O 9. Nbd2 Re8 10. Ne5 Bxe2 11. Qxe2 Ne4 12. Nxe4 dxe4 13. f4 f6 14. Nxd7 Qxd7 15. f5 exf5 16. Rxf5 Qxf5 0-1


[Site "https://www.chess.com"]

[Event "Titled Tuesday Blitz August 1 Early 2023"]
[White "Larina, Maria"]
[Black "Manukian, Artak"]
[WhiteFideId "24113182"]
[BlackFideId "13301373"]
[WhiteElo "2121"]
[BlackElo "2426"]
[Result "0-1"]
[Round "2"]
[TimeControl "180+1"]
[Date "2023.08.01"]
[WhiteClock "0:00:11"]
[BlackClock "0:00:06"]
[Board "249"]

1. e4 c6 2. d4 d5 3. f3 Qb6 4. Nc3 e6 5. a4 a5 6. Qd3 Bb4 7. Ne2 Nf6 8. e5 Nfd7 9. f4 c5 10. Be3 c4 11. Qd1 g6 12. g3 h5 13. h3 Nc6 14. Bg2 Ne7 15. O-O Nf5 16. Bf2 Be7 17. Nb5 Nb8 18. Kh2 Bd7 19. Nec3 Nc6 20. Qd2 Na7 21. Nxa7 Rxa7 22. Rfb1 Qd8 23. b3 cxb3 24. cxb3 Bb4 25. Qd3 Ra6 26. Rc1 Rc6 27. Nb5 Kf8 28. Na7 Rxc1 29. Rxc1 Kg7 30. Nb5 Bxb5 31. Qxb5 h4 32. g4 Ng3 33. Qxb7 Bd2 34. Rc7 Rf8 35. Bxg3 hxg3+ 36. Kxg3 Be3 37. Qa7 Qb8 38. Rb7 Qc8 39. Rc7 Qd8 40. Rc3 Bd2 41. Rc2 Be3 42. Kf3 Bg1 43. Rc1 Bh2 44. Bf1 Qh4 45. Qa6 Qg3+ 46. Ke2 Bg1 47. Qd3 Qf2+ 48. Kd1 Qxf4 49. Qd2 Be3 50. Qc2 Bxc1 51. Qxc1 Qxd4+ 52. Qd2 Qxe5 53. Bd3 Rc8 54. g5 Qd4 55. h4 Rc3 56. Ke2 Qg4+ 57. Kf2 Rxb3 58. h5 Qd4+ 59. Ke2 Qxd3+ 60. Qxd3 Rxd3 61. Kxd3 gxh5 62. Ke3 Kg6 63. Kf3 e5 64. Kg3 Kxg5 65. Kf3 0-1


[Site "https://www.chess.com"]

[Event "Titled Tuesday Blitz August 1 Early 2023"]
[White "Floresvillar Gonzalez, Luis Migu"]
[Black "Sliwicki, Damian"]
[WhiteFideId "5100542"]
[BlackFideId "1127128"]
[WhiteElo "2116"]
[BlackElo "2426"]
[Result "0-1"]
[Round "2"]
[TimeControl "180+1"]
[Date "2023.08.01"]
[WhiteClock "0:00:00"]
[BlackClock "0:00:27"]
[Board "250"]

1. d4 Nf6 2. Nf3 e6 3. Bg5 Be7 4. e3 Ne4 5. Bxe7 Qxe7 6. c3 O-O 7. Nbd2 f5 8. Be2 b6 9. O-O Bb7 10. Nxe4 fxe4 11. Nd2 e5 12. Qc2 d5 13. dxe5 Qxe5 14. c4 d4 15. exd4 Qxd4 16. Rad1 e3 17. Nf3 exf2+ 18. Rxf2 Qc5 19. a3 a5 20. Kf1 Nc6 21. Bd3 Nd4 22. Nxd4 Kh8 23. Nf3 Rad8 24. Be2 Rde8 25. Bd3 h6 26. Qd2 Rd8 27. Qe2 Ba6 28. b4 axb4 29. axb4 Qxb4 30. c5 Rxd3 31. Rxd3 Qb1+ 32. Ne1 Rg8 33. Rff3 Qb4 34. cxb6 Qxb6 35. Rfe3 Rf8+ 36. Rf3 Rc8 0-1


[Site "https://www.chess.com"]

[Event "Titled Tuesday Blitz August 1 Early 2023"]
[White "Stachanczyk, Jacek"]
[Black "Levine, David"]
[WhiteFideId "1116657"]
[BlackFideId "2011611"]
[WhiteElo "2425"]
[BlackElo "2100"]
[Result "1-0"]
[Round "2"]
[TimeControl "180+1"]
[Date "2023.08.01"]
[WhiteClock "0:00:09"]
[BlackClock "0:00:00"]
[Board "251"]

1. e4 e5 2. Nf3 Nc6 3. Bb5 a6 4. Ba4 Nf6 5. O-O Be7 6. Re1 b5 7. Bb3 d6 8. c3 O-O 9. h3 Bb7 10. d4 Re8 11. Ng5 Rf8 12. Nf3 Re8 13. a4 Bf8 14. Nbd2 h6 15. Bc2 Nb8 16. Bd3 c6 17. b4 Nbd7 18. a5 Qc7 19. c4 bxc4 20. Nxc4 Nxe4 21. Bxe4 d5 22. Bd3 dxc4 23. Bxc4 Bxb4 24. Bd2 Bxd2 25. Qxd2 exd4 26. Nxd4 Ne5 27. Qc3 Nxc4 28. Qxc4 Qf4 29. Qc5 Rxe1+ 30. Rxe1 Rd8 31. Nf5 Kh7 32. Ng3 Rd2 33. Ne4 Rb2 34. Qc3 Rb5 35. Qa1 c5 36. Nxc5 Bxg2 37. Kxg2 Rxc5 38. Qd1 Qg5+ 39. Kf1 Rxa5 40. Qd3+ Qg6 41. Qxg6+ Kxg6 42. Rb1 Rb5 43. Rc1 a5 44. Rc6+ f6 45. Ra6 h5 46. Kg2 Kf5 47. h4 g5 48. hxg5 fxg5 49. Ra7 1-0


[Site "https://www.chess.com"]

[Event "Titled Tuesday Blitz August 1 Early 2023"]
[White "Goughfather"]
[Black "Cheer_Down"]
[WhiteElo "2099"]
[BlackElo "2422"]
[Result "0-1"]
[Round "2"]
[TimeControl "180+1"]
[Date "2023.08.01"]
[WhiteClock "0:00:00"]
[BlackClock "0:01:18"]
[Board "252"]

1. d4 Nf6 2. Nc3 d5 3. Bf4 c5 4. e4 Nxe4 5. Nxe4 dxe4 6. dxc5 Qa5+ 7. c3 Qxc5 8. Qa4+ Nc6 9. Qxe4 Bf5 10. Qa4 e5 11. Be3 Qa5 12. Qxa5 Nxa5 13. O-O-O Nc6 14. Bb5 Be7 15. Rd5 f6 16. f4 Be4 17. Rd2 exf4 18. Bxf4 Rd8 19. Rxd8+ Kxd8 20. Nf3 Kc8 21. Rd1 Rd8 22. Bc4 Bf5 23. h3 h5 24. Bd5 Bc5 25. Bxc6 Rxd1+ 26. Kxd1 bxc6 27. Kd2 Be4 28. Be3 Bd6 29. Ke2 a6 30. Bd4 Kd7 31. Ke3 Bd5 32. Bb6 Bxa2 0-1


[Site "https://www.chess.com"]

[Event "Titled Tuesday Blitz August 1 Early 2023"]
[White "Winkels, Marcel"]
[Black "Titichoca Daza, Daniel"]
[WhiteFideId "1003887"]
[BlackFideId "3309550"]
[WhiteElo "2098"]
[BlackElo "2421"]
[Result "0-1"]
[Round "2"]
[TimeControl "180+1"]
[Date "2023.08.01"]
[WhiteClock "0:00:00"]
[BlackClock "0:00:42"]
[Board "253"]

1. e4 c6 2. d4 d5 3. exd5 cxd5 4. Bd3 Nc6 5. c3 Nf6 6. Bf4 Bg4 7. Nf3 e6 8. Nbd2 Bd6 9. Bg3 O-O 10. O-O a6 11. Qb3 Rb8 12. Ne5 Bxe5 13. dxe5 Nd7 14. Rfe1 Nc5 15. Qc2 Nxd3 16. Qxd3 Bf5 17. Qe2 b5 18. Rad1 b4 19. cxb4 Nxb4 20. Nf3 Qb6 21. Nd4 Bg6 22. a3 Nc6 23. Nxc6 Qxc6 24. Rc1 Qa4 25. Rc3 h6 26. Rec1 Kh7 27. f3 Rb5 28. b4 a5 29. bxa5 Qxa5 30. Be1 Qa7+ 31. Bf2 Qa4 32. Bc5 Rc8 33. Bb4 Rxc3 34. Rxc3 Rxb4 0-1


[Site "https://www.chess.com"]

[Event "Titled Tuesday Blitz August 1 Early 2023"]
[White "Rozhkov, Viacheslav"]
[Black "Lakshmi C"]
[WhiteFideId "4181484"]
[BlackFideId "25035347"]
[WhiteElo "2419"]
[BlackElo "2071"]
[Result "1-0"]
[Round "2"]
[TimeControl "180+1"]
[Date "2023.08.01"]
[WhiteClock "0:02:51"]
[BlackClock "0:00:00"]
[Board "254"]

1. e4 e5 2. Nf3 Nc6 3. d4 exd4 4. Bc4 Be7 5. c3 dxc3 6. Qd5 Nh6 7. Bxh6 O-O 8. Bxg7 Kxg7 9. Nxc3 Nb4 10. Qd2 d6 11. O-O f6 12. a3 Nc6 13. Nh4 Ne5 14. Bb3 1-0


[Site "https://www.chess.com"]

[Event "Titled Tuesday Blitz August 1 Early 2023"]
[White "Wisniowski, Natalie"]
[Black "Davidson, Kevin"]
[WhiteFideId "30929261"]
[BlackFideId "2056810"]
[WhiteElo "2061"]
[BlackElo "2418"]
[Result "0-1"]
[Round "2"]
[TimeControl "180+1"]
[Date "2023.08.01"]
[WhiteClock "0:00:00"]
[BlackClock "0:00:19"]
[Board "255"]

1. e4 c5 2. d4 cxd4 3. c3 dxc3 4. Nxc3 Nc6 5. Nf3 e6 6. Bc4 a6 7. O-O b5 8. Bb3 Na5 9. Bf4 Nxb3 10. Qxb3 Ne7 11. Bd6 Ng6 12. Bxf8 Nxf8 13. Rad1 Ng6 14. e5 Bb7 15. Rd3 Bxf3 16. Rxf3 Nxe5 17. Rg3 O-O 18. Ne4 d5 19. Ng5 h6 20. Nh3 Qf6 21. Re1 Rac8 22. Qe3 Nc4 23. Qe2 Qxb2 24. Qg4 f5 25. Qh5 Rf6 26. Nf4 Qd2 27. Rf1 Qxf4 0-1


[Site "https://www.chess.com"]

[Event "Titled Tuesday Blitz August 1 Early 2023"]
[White "ivana_999"]
[Black "Ionescu, Mihai"]
[BlackFideId "1202499"]
[WhiteElo "2055"]
[BlackElo "2417"]
[Result "0-1"]
[Round "2"]
[TimeControl "180+1"]
[Date "2023.08.01"]
[WhiteClock "0:01:56"]
[BlackClock "0:01:39"]
[Board "256"]

1. d4 Nf6 2. c4 b6 3. Nc3 Bb7 4. f3 e6 5. e4 Bb4 6. Bg5 h6 7. Bh4 Be7 8. Bd3 Nxe4 9. Bxe4 Bxh4+ 10. g3 Bxe4 11. Nxe4 Be7 12. Ne2 d5 13. N4c3 dxc4 14. Qa4+ Qd7 15. Qxc4 O-O 16. O-O Rd8 17. Rad1 Nc6 18. Ne4 Na5 19. Qd3 c5 20. dxc5 Qxd3 21. Rxd3 Rxd3 22. cxb6 axb6 23. Nf4 Rd4 24. a3 Rad8 25. b4 Nc4 26. Rc1 Rd1+ 27. Rxd1 Rxd1+ 28. Kg2 Nxa3 0-1


[Site "https://www.chess.com"]

[Event "Titled Tuesday Blitz August 1 Early 2023"]
[White "Bouget, Alexandre"]
[Black "ilya2700"]
[WhiteFideId "681318"]
[WhiteElo "2417"]
[BlackElo "2037"]
[Result "1/2-1/2"]
[Round "2"]
[TimeControl "180+1"]
[Date "2023.08.01"]
[WhiteClock "0:00:05"]
[BlackClock "0:00:07"]
[Board "257"]

1. d4 d5 2. c4 e6 3. Nc3 Nf6 4. Nf3 Be7 5. Bf4 O-O 6. e3 Nbd7 7. h3 b6 8. cxd5 exd5 9. Bd3 Bb7 10. O-O c5 11. Ne5 Rc8 12. Bf5 cxd4 13. exd4 Ra8 14. Qd3 g6 15. Nxd7 Nxd7 16. Bh6 Re8 17. Qg3 Bf6 18. Rad1 Bg7 19. Bxg7 Kxg7 20. Nb5 Ba6 21. Nc7 Bxf1 22. Nxa8 Qxa8 23. Bxd7 Re7 24. Rxf1 Rxd7 25. Qe5+ Kg8 26. Re1 Qd8 27. h4 Rc7 28. h5 Rc6 29. h6 f6 30. Qe8+ Qxe8 31. Rxe8+ Kf7 32. Rh8 g5 33. Rxh7+ Kg6 34. Rxa7 Rc1+ 35. Kh2 Kxh6 36. Rb7 Rc6 37. a4 Kg6 38. b4 Kf5 39. b5 Rc4 40. Rxb6 Rxa4 41. Rb8 Rxd4 42. b6 Rb4 43. Kg3 Rb3+ 44. f3 d4 45. b7 d3 46. Rd8 Rxb7 47. Rxd3 Rb4 48. Rd5+ Kg6 49. Ra5 Kh5 50. Kh3 Kg6 51. Ra6 Rc4 52. Re6 Rb4 53. Re4 Rxe4 54. fxe4 f5 55. exf5+ Kxf5 56. Kg3 g4 57. Kh2 Kf4 58. Kg1 Kg3 59. Kf1 Kf4 60. Kg1 Ke3 61. Kh2 Kf2 62. Kh1 g3 1/2-1/2


[Site "https://www.chess.com"]

[Event "Titled Tuesday Blitz August 1 Early 2023"]
[White "Harriott, Tyrell"]
[Black "Gopal, K.N."]
[WhiteFideId "2086484"]
[BlackFideId "5001447"]
[WhiteElo "2414"]
[BlackElo "2023"]
[Result "1-0"]
[Round "2"]
[TimeControl "180+1"]
[Date "2023.08.01"]
[WhiteClock "0:00:19"]
[BlackClock "0:00:14"]
[Board "258"]

1. d4 Nf6 2. e3 e6 3. Bd3 d5 4. f4 Ne4 5. Nf3 f5 6. O-O Be7 7. c4 c6 8. Nc3 Nd7 9. Ne2 O-O 10. Bd2 Ndf6 11. Be1 Rb8 12. c5 Ng4 13. Bd2 b6 14. b4 bxc5 15. bxc5 Rb2 16. Bc1 Rb8 17. Qa4 Qc7 18. h3 Ngf6 19. Bd2 Bd8 20. Rab1 Nxd2 21. Nxd2 Bd7 22. Rxb8 Qxb8 23. Rb1 Qc7 24. Ba6 Bc8 25. Bd3 h6 26. Nf3 Nd7 27. Ne5 Nxe5 28. dxe5 Be7 29. Qa3 Bd7 30. Nd4 Rb8 31. Rb4 Kh7 32. Qb3 Rxb4 33. Qxb4 a5 34. Qb6 Qxb6 35. cxb6 c5 36. b7 cxd4 37. exd4 Bb4 38. b8=Q Bd2 39. Kf2 Bxf4 40. Qc7 Be8 41. Qe7 Bg6 42. Qxe6 Bg5 43. Bxf5 1-0


[Site "https://www.chess.com"]

[Event "Titled Tuesday Blitz August 1 Early 2023"]
[White "Osiecki, Stanislaw"]
[Black "EsmeraldasAnderson03"]
[WhiteFideId "1102990"]
[WhiteElo "2008"]
[BlackElo "2413"]
[Result "0-1"]
[Round "2"]
[TimeControl "180+1"]
[Date "2023.08.01"]
[WhiteClock "0:01:02"]
[BlackClock "0:00:53"]
[Board "259"]

1. e4 c5 2. c3 Nf6 3. e5 Nd5 4. d4 cxd4 5. Nf3 Nc6 6. cxd4 d6 7. Bc4 Nb6 8. Bb5 dxe5 9. Nxe5 Bd7 10. Bxc6 Bxc6 11. Nxc6 bxc6 12. O-O e6 13. Nc3 Be7 14. Be3 O-O 15. Qg4 Nd5 16. Nxd5 cxd5 17. b3 Bf6 18. Rac1 Qb6 19. h4 Qa6 20. Rc2 Rfc8 21. Rfc1 Rxc2 22. Rxc2 Rc8 23. Rxc8+ Qxc8 24. h5 Qc2 25. h6 Qxa2 26. hxg7 Qxb3 27. Qg3 Bxd4 28. Qc7 Bxe3 29. fxe3 Qxe3+ 30. Kh2 Kxg7 31. Qd8 d4 0-1


[Site "https://www.chess.com"]

[Event "Titled Tuesday Blitz August 1 Early 2023"]
[White "Preobrazhenska_D2011"]
[Black "Pinto, Daniel"]
[BlackFideId "3303144"]
[WhiteElo "2005"]
[BlackElo "2412"]
[Result "1-0"]
[Round "2"]
[TimeControl "180+1"]
[Date "2023.08.01"]
[WhiteClock "0:00:07"]
[BlackClock "0:00:00"]
[Board "260"]

1. e4 e5 2. Nf3 Nc6 3. Bb5 Nf6 4. d3 d6 5. O-O Be7 6. c3 O-O 7. Re1 a6 8. Ba4 b5 9. Bc2 Re8 10. Nbd2 h6 11. Nf1 Be6 12. Ng3 Bf8 13. d4 exd4 14. cxd4 Bg4 15. Be3 Na5 16. h3 Bc8 17. Qd3 g6 18. b3 Bb7 19. Qd2 c5 20. Bxh6 cxd4 21. Nxd4 Be7 22. Ngf5 Nh7 23. Nxe7+ Rxe7 24. Re3 Nc6 25. Nf5 Re6 26. Rg3 Qf6 27. Bg7 Qd8 28. Bb2 Ne5 29. f4 Nd7 30. Nh6+ Kf8 31. f5 Rxe4 32. Bxe4 Bxe4 33. Qxd6+ Qe7 34. Qxe7+ Kxe7 35. Re1 Nhf6 36. fxg6 fxg6 37. Rxg6 1-0


[Site "https://www.chess.com"]

[Event "Titled Tuesday Blitz August 1 Early 2023"]
[White "Krzywda, Andrzej"]
[Black "Navyblue1"]
[WhiteFideId "1114565"]
[WhiteElo "2411"]
[BlackElo "1944"]
[Result "1-0"]
[Round "2"]
[TimeControl "180+1"]
[Date "2023.08.01"]
[WhiteClock "0:01:21"]
[BlackClock "0:00:00"]
[Board "261"]

1. e4 c5 2. Nf3 d6 3. d4 cxd4 4. Nxd4 Nf6 5. Nc3 a6 6. Be3 e5 7. Nb3 Be6 8. h3 Be7 9. Qf3 Nbd7 10. O-O-O Rc8 11. Kb1 b5 12. g4 Nb6 13. g5 Nfd7 14. h4 Nc4 15. Bc1 b4 16. Nd5 Bxd5 17. exd5 Qb6 18. Bh3 Rc7 19. Rhe1 a5 20. Qe2 Nb8 21. f4 1-0


[Site "https://www.chess.com"]

[Event "Titled Tuesday Blitz August 1 Early 2023"]
[White "Lohani, Sujana"]
[Black "Silva Lucena, Cristian"]
[WhiteFideId "12311987"]
[BlackFideId "2232588"]
[WhiteElo "1932"]
[BlackElo "2409"]
[Result "1-0"]
[Round "2"]
[TimeControl "180+1"]
[Date "2023.08.01"]
[WhiteClock "0:01:31"]
[BlackClock "0:01:24"]
[Board "262"]

1. d4 Nf6 2. Nf3 g6 3. g3 Bg7 4. Bg2 O-O 5. O-O d6 6. c3 a5 7. Nbd2 a4 8. e4 a3 9. b3 c5 10. e5 Nfd7 11. Re1 dxe5 12. dxe5 Nc6 13. Qc2 Ndxe5 14. Nxe5 Nxe5 15. Ne4 Qd3 16. Qxd3 Nxd3 17. Rd1 Nb2 18. Rd2 f5 19. Nxc5 Bxc3 20. Re2 Rd8 21. Bg5 Nd3 22. Rd1 Nxc5 23. Rxd8+ Kg7 24. Rxe7# 1-0


[Site "https://www.chess.com"]